 Dungeon Crawl Stone Soup version 0.31-a0-369-g8eba5f6939 (webtiles) character file.

Game seed: 12074669209051983742

286088 holysushi the Sensei (level 19, -2/106 (121) HPs)
             Began as a Vampire Monk on July 28, 2023.
             Was a High Priest of Ru.
             Slain by a dire elephant (57 damage)
             ... on level 4 of the Vaults.
             The game lasted 02:26:38 (64539 turns).

holysushi the Sensei (Vampire Monk)                Turns: 64539, Time: 02:26:38

HP:   -2/106 (121)  AC:  0    Str: 10    XL:     19   Next: 82%
MP:   19/19         EV: 53    Int: 14    God:    Ru [*****.]
Gold: 2515          SH:  0    Dex: 28    Spells: 18/18 levels left

rFire   . .          .
                       - Unarmed
rCold   + + .        (shield unavailable)
rNeg    + + +        s - melded +0 robe
rPois   ∞            (helmet currently unavailable)
rElec   .            (cloak currently unavailable)
rCorr   .            (gloves currently unavailable)
SInv    +            (boots currently unavailable)
Will    +....        C - amulet of the acrobat
Stlth   ++++++++++   (ring unavailable)
HPRegen 0.00/turn    (ring currently unavailable)
MPRegen 0.16/turn

%: acrobat
@: bat-form, flying, bloodless, inhibited regen, heavily drained, very quick
A: fast, flying, no casting, tiny, bloodless, fangs 3, see invisible, missing a
hand, inability to train armour, no conjurations magic, no ice magic, no
transmutations magic, vampiric 2
}: 2/15 runes: decaying, serpentine
a: Revivify, End Transformation, Renounce Religion, Draw Out Power, Power Leap,
Apocalypse


You were on level 4 of the Vaults.
You worshipped Ru.
Ru was extremely pleased with you.
You were a vampire bat.
You visited 7 branches of the dungeon, and saw 34 of its levels.
You visited 1 bazaar.

You collected 4650 gold pieces.
You spent 2135 gold pieces at shops.

Inventory:

Armour
 s - a +0 robe (melded)
Jewellery
 C - an amulet of the acrobat (around neck)
 R - an amulet of magic regeneration
Wands
 a - a wand of flame (32)
 x - a wand of polymorph (21)
 z - a wand of charming (32)
 D - a wand of light (24)
 F - a wand of roots (13)
 G - a wand of mindburst (6)
 K - a wand of digging (5)
Scrolls
 e - 2 scrolls of brand weapon
 h - 3 scrolls of fog
 j - 4 scrolls of amnesia
 k - 3 scrolls of poison
 l - 18 scrolls of teleportation
 p - a scroll of silence
 q - 3 scrolls of torment
 r - 2 scrolls of enchant armour
 t - 3 scrolls of summoning
 u - 3 scrolls of fear
 v - 4 scrolls of immolation
 y - 6 scrolls of enchant weapon
 H - 2 scrolls of blinking
 J - 2 scrolls of vulnerability
 O - 2 scrolls of noise
 Q - 2 scrolls of identify
Potions
 d - a potion of berserk rage
 f - 3 potions of might
 g - 2 potions of haste
 i - 10 potions of ambrosia
 m - 3 potions of attraction
 o - 7 potions of heal wounds
 A - a potion of magic
 B - 4 potions of curing
 E - 3 potions of enlightenment
 M - 5 potions of mutation
 N - 2 potions of brilliance
 P - a potion of resistance
Miscellaneous
 b - a phial of floods (inert)
 c - a piece from Xom's chessboard (15/15)
 n - a lightning rod (4/4)
 w - a box of beasts (inert)
 I - a tin of tremorstones (2/2)
 L - a phantom mirror (inert)


   Skills:
 - Level 14.0 Fighting
 + Level 22.6 Dodging
 + Level 19.7 Stealth
 + Level 24.9 Unarmed Combat
 + Level 11.8 Evocations


You had 18 spell levels left.
You didn't know any spells.
Your spell library contained the following spells:

 Spells                   Type           Power      Damage    Failure   Level
 Apportation              Tloc           0%         N/A       28%         1
 Necrotise                Necr           0%         1d4       28%         1
 Slow                     Hex            0%         N/A       28%         1
 Summon Small Mammal      Summ           0%         N/A       28%         1
 Blink                    Tloc           0%         N/A       41%         2
 Call Imp                 Summ           0%         N/A       41%         2
 Lesser Beckoning         Tloc           0%         N/A       41%         2
 Poisonous Vapours        Pois/Air       0%         N/A       41%         2
 Sublimation of Blood     Necr           0%         N/A       41%         2
 Confusing Touch          Hex            0%         N/A       65%         3
 Gell's Gravitas          Tloc           0%         N/A       65%         3
 Portal Projectile        Hex/Tloc       0%         N/A       65%         3
 Summon Guardian Golem    Hex/Summ       0%         N/A       65%         3
 Teleport Other           Tloc           0%         N/A       65%         3
 Tukima's Dance           Hex            0%         N/A       65%         3
 Vampiric Draining        Necr           0%         2d6       65%         3
 Volatile Blastmotes      Fire/Tloc      0%         2d10      65%         3
 Anguish                  Hex/Necr       0%         N/A       96%         4
 Cause Fear               Hex            0%         N/A       96%         4
 Manifold Assault         Tloc           0%         N/A       96%         4
 Olgreb's Toxic Radiance  Pois           0%         N/A       96%         4
 Passage of Golubria      Tloc           0%         N/A       96%         4
 Agony                    Necr           0%         N/A       100%        5
 Silence                  Hex/Air        0%         N/A       100%        5
 Dispersal                Tloc           0%         N/A       100%        6
 Enfeeble                 Hex            0%         N/A       100%        7
 Summon Hydra             Summ           0%         N/A       100%        7
 Ignition                 Fire           0%         3d3       100%        8
 Dragon's Call            Summ           0%         N/A       100%        9
 Shatter                  Erth           0%         3d5*      100%        9
 Magic Dart               Conj           Unusable   1d3       N/A         1
 Sting                    Tmut/Pois      Unusable   1d3       N/A         1
 Momentum Strike          Conj/Tloc      Unusable   3d8       N/A         2
 Wereblood                Tmut           Unusable   N/A       N/A         2
 Dazzling Flash           Conj/Hex       Unusable   N/A       N/A         3
 Hailstorm                Conj/Ice       Unusable   3d3       N/A         3
 Ignite Poison            Fire/Tmut/Pois Unusable   N/A       N/A         3
 Mephitic Cloud           Conj/Pois/Air  Unusable   N/A       N/A         3
 Fulminant Prism          Conj/Hex       Unusable   3d5       N/A         4
 Iskenderun's Mystic Bla  Conj/Tloc      Unusable   2d3       N/A         4
 Sticky Flame             Conj/Fire      Unusable   2d3       N/A         4
 Summon Ice Beast         Ice/Summ       Unusable   N/A       N/A         4
 Alistair's Intoxication  Tmut/Pois      Unusable   N/A       N/A         5
 Yara's Violent Unravell  Hex/Tmut       Unusable   3d3       N/A         5
 Simulacrum               Ice/Necr       Unusable   N/A       N/A         6
 Chain Lightning          Conj/Air       Unusable   N/A       N/A         9
 Fire Storm               Conj/Fire      Unusable   5d1       N/A         9

Dungeon Overview and Level Annotations

Branches:
Dungeon (15/15) Zot: 26123  Temple (1/1) D:5 Zot: 5809    Lair (5/5) D:10 Zot: 19676
  Swamp (4/4) Lair:2 Zot: 19557   Snake (4/4) Lair:2 Zot: 17538   Slime (0/5) Lair:4
    Orc (2/2) D:11 Zot: 10866     Elf (0/3) Orc:2        Vaults (4/5) D:13 Zot: 13690
 Depths (0/4) D:15
  Crypt: Vaults:2-3

Altars:
Ashenzari
Cheibriados
Dithmenos
Fedhas
Gozag
Hepliaklqana
Kikubaaqudgha
Makhleb
Nemelex Xobeh
Okawaru
Qazlal
Ru
Sif Muna
Trog
Uskayaw
Vehumet
Wu Jian
Xom
Yredelemnul
Jiyva

Shops:
D:4 ?[::*   Orc:2 ?([(   Vaults:1 =([   Vaults:4 [

Annotations:
D:4 exclusion: 4 doors
D:5 3 runed translucent doors, knightboat's ghost, amateur DgSu
Vaults:2 36 runed doors
Vaults:4 exclusions: downstairs and 2 more exclusions


Innate Abilities, Weirdness & Mutations

You are a vampire bat.
You are tiny and dextrous.
You move quickly.
You are flying.
You are immune to poison.
Your equipment is almost entirely melded.
You are incapable of wielding weapons or throwing items.
You cannot cast spells.
You do not regenerate when monsters are visible.
You are frail without blood (-20% HP).
You can heal yourself when you bite living creatures.
You are immune to poison.
You have razor-sharp teeth.
You have supernaturally acute eyesight. (SInv)
You are missing a hand.
You cannot train Armour skill.
You cannot study or cast Conjurations magic.
You cannot study or cast Ice magic.
You cannot study or cast Transmutations magic.
You are afflicted with vampirism and can become a bat while bloodless.


Message History

Items here: )) [ ††.
You hit the deep troll.
The deep troll is lightly wounded.
The deep troll completely misses you. x3
You hit the deep troll but do no damage.
The deep troll is lightly wounded.
The ironbound convoker points at something and mumbles some strange words.
You bite the deep troll!
The deep troll is moderately wounded.
The deep troll closely misses you.
The deep troll completely misses you. x2
You hit the deep troll but do no damage.
You bite the deep troll, but do no damage.
The deep troll is moderately wounded.
The deep troll completely misses you. The deep troll barely misses you.
The deep troll completely misses you.
You maul the deep troll!!
The deep troll is severely wounded.
You maul the deep troll!!
You kill the deep troll!
The ironbound convoker completely misses you.
There is an open door, spattered with blood here.
Things that are here:
a +5 triple sword; a +0 leather armour; the human corpse of Zenata You hit the ironbound convoker.
You bite the ironbound convoker, but do no damage.
The ironbound convoker is lightly wounded.
You bite the ironbound convoker!
The ironbound convoker is moderately wounded.
The ironbound convoker is stunned by your conviction and fails to attack.
You maul the ironbound convoker!!
You bite the ironbound convoker, but do no damage.
The ironbound convoker is severely wounded.
The ironbound convoker hits you with a +1 morningstar of protection!!
You maul the ironbound convoker!!!
You kill the ironbound convoker!
You maul the dire elephant!!
The dire elephant is moderately wounded.
The dire elephant tramples you!!!
Ouch! That really hurt!
You die...

+...##...##............#
#.>.'..8..#............#
+...##...##............#
##'###...##............#
+...#..8..#............#
##+##.>.##...##............#
+...'...##...##[...........#
#...#####....)))...........#
#...# #######b...........#
##### #Y...........#
#............#
#............#
#............#
#............#
#............#
#............#


You could see a dire elephant (strong).

Vanquished Creatures
  Bai Suzhen (Swamp:4)
  Vashnia (Snake:3)
  the Lernaean hydra (Swamp:4)
  Rupert (D:14)
  A thorn hunter (Swamp:3)
  Aizul (Snake:2)
  Donald (Vaults:1)
  6 nagarajas
  5 vault wardens
  An ironbound thunderhulk (Vaults:4)
  An orc warlord (Vaults:1)
  2 stone giants
  A formless jellyfish (Vaults:4)
  Nessos (Lair:4)
  6 ironbound preservers
  3 bunyips
  A broodmother (shapeshifter) (Vaults:4)
  6 eleionomae
  9 dire elephants
  Azrael (D:12)
  An ettin (Orc:2)
  7 yaktaur captains
  A fire dragon (D:14)
  A great orb of eyes (Vaults:1)
  18 hydras
  Harold (D:9)
  2 vault guards
  9 ironbound frosthearts
  3 catoblepae
  3 salamander tyrants
  16 centaur warriors
  3 ghost crabs
  3 ogre magi
  A spriggan air mage (Swamp:3)
  12 anacondas
  Erica (D:9)
  17 alligators
  9 boulder beetles
  6 death yaks
  14 naga warriors
  A deep troll shaman (Lair:5)
  An orc high priest (Orc:1)
  3 shock serpents
  7 tengu warriors
  28 naga sharpshooters
  11 two-headed ogres
  A spriggan (Swamp:3)
  5 skeletal warriors
  A skyshark (Lair:3)
  5 salamander mystics
  7 goliath frogs
  37 deep trolls
  8 swamp dragons
  2 necromancers
  12 lindwurms
  4 harpies (Vaults:2)
  3 bog bodies
  5 naga ritualists
  4 wizards
  12 ironbound convokers
  An oklob plant (D:10)
  4 orc knights
  9 mana vipers
  15 salamanders
  19 ugly things
  8 cyclopes
  6 will-o-the-wisps
  A wolf spider (D:15)
  An orc sorcerer (Orc:2)
  A deep elf pyromancer (D:12)
  6 manticores
  A tengu skeleton (Vaults:1)
  A fire giant skeleton (Vaults:1)
  Joseph (D:9)
  11 vault sentinels
  40 black mambas
  10 elephants
  18 naga magi
  A torpor snail (Lair:5)
  An eye of devastation (shapeshifter) (D:15)
  10 cane toads
  A gargoyle (D:12)
  35 yaktaurs
  4 unseen horrors
  6 rime drakes
  8 komodo dragons
  A freezing wraith (D:13)
  A yaktaur skeleton (Vaults:1)
  2 efreet
  11 trolls
  A bloated husk (Swamp:1)
  4 meliai
  A queen bee (D:13)
  3 polar bears
  Prince Ribbit (D:5)
  8 tyrant leeches
  3 hornets
  5 dream sheep
  8 blink frogs
  A centaur simulacrum (D:14)
  14 slime creatures
  3 shadows
  5 wraiths
  4 vampires
  A wyvern (D:9)
  A hog (shapeshifter) (D:13)
  31 yaks
  6 fire elementals
  4 basilisks
  Grum (D:9)
  6 vampire mosquitoes
  4 steam dragons
  14 swamp worms
  Menkaure (D:6)
  A hell hound (D:12)
  35 nagas
  22 water moccasins
  An acid dragon (D:5)
  10 swamp drakes
  A sky beast (D:7)
  16 orc warriors
  6 black bears
  22 ogres
  21 wolves
  16 centaurs
  A phantom (D:5)
  3 kobold brigands
  17 bullfrogs
  4 gnoll sergeants
  5 scorpions
  7 wights (D:8)
  22 killer bees
  An oklob sapling (D:10)
  3 electric eels
  8 howler monkeys
  2 lava snakes (D:13)
  10 orc priests
  2 gnoll boudas
  4 hounds
  4 jellies
  4 iguanas
  Natasha (D:2)
  4 sleepcaps (D:5)
  11 orc wizards
  5 polar bear simulacra (Lair:5)
  A wolf simulacrum (Lair:5)
  3 yak simulacra (Lair:5)
  14 adders
  16 gnolls
  2 shadow imps (D:8)
  14 white imps
  2 worms
  3 dart slugs
  62 orcs
  11 ball pythons
  4 bats (D:1)
  11 endoplasms
  4 giant cockroaches
  3 goblins
  4 hobgoblins
  4 jackals
  8 quokkas
  6 frilled lizards
  11 kobolds
  9 rats
  2 river rat simulacra (Lair:5)
  A fire vortex (D:13)
1163 creatures vanquished.

Vanquished Creatures (collateral kills)
  Zenata (Vaults:4)
  3 ironbound preservers
  A great orb of eyes (Vaults:4)
  A centaur warrior (Vaults:4)
  An alligator (Swamp:4)
  A goliath frog (Swamp:4)
  A spriggan druid (Swamp:3)
  4 deep trolls
  An ironbound convoker (Vaults:4)
  An orc knight (Vaults:1)
  A swamp drake (Swamp:3)
16 creatures vanquished.

Vanquished Creatures (others)
  A fenstrider witch (Swamp:2)
  A hydra (Swamp:1)
  A centaur warrior (Vaults:4)
  An alligator (Swamp:2)
  A two-headed ogre (Orc:2)
  A boulder beetle (D:15)
  6 deep trolls
  A naga ritualist (Snake:2)
  A salamander (Snake:4)
  A manticore (D:13)
  A black mamba (Snake:2)
  A cane toad (Lair:4)
  An unseen horror (D:11)
  A yaktaur (Vaults:4)
  A bloated husk (Swamp:1)
  A steam dragon (Lair:3)
  2 swamp worms
  An ogre (Orc:2)
  A boggart simulacrum (D:14)
  3 orcs
  9 foxfires
37 creatures vanquished.

Grand Total: 1216 creatures vanquished

Notes
Turn   | Place    | Note
-------+----------+-------------------------------------------
     0 | D:1      | holysushi the Vampire Monk began the quest for the Orb.
     0 | D:1      | Reached XP level 1. HP: 17/17 MP: 1/1
   130 | D:1      | Reached XP level 2. HP: 21/23 MP: 2/2
   305 | D:1      | Reached skill level 4 in Unarmed Combat
   597 | D:1      | Gained mutation: You are afflicted with vampirism and can
                  | become a bat while bloodless. [Vampire growth]
   597 | D:1      | Reached XP level 3. HP: 21/28 MP: 3/3
   832 | D:2      | Reached skill level 1 in Stealth
  1165 | D:2      | Reached XP level 4. HP: 26/27 MP: 4/4
  1356 | D:2      | Noticed Natasha
  1367 | D:2      | Killed Natasha
  2484 | D:4      | Found Buliwnuw's Magic Scroll Shoppe.
  2494 | D:4      | Bought a scroll of teleportation for 30 gold pieces
  2494 | D:4      | Bought a scroll of identify for 20 gold pieces
  2494 | D:4      | Bought a scroll of blinking for 75 gold pieces
  2611 | D:4      | Found Zitrazeg's Book Shoppe.
  2655 | D:4      | Found Radeple's Armour Emporium.
  2695 | D:4      | Noticed a bullfrog
  2753 | D:4      | Killed a bullfrog
  2754 | D:4      | Reached XP level 5. HP: 32/32 MP: 5/5
  2774 | D:4      | Found Femoc's Assorted Antiques.
  2778 | D:4      | Noticed a black bear
  2915 | D:4      | Noticed a black bear
  2930 | D:4      | Noticed an ogre
  3114 | D:3      | Reached skill level 5 in Unarmed Combat
  3778 | D:4      | Found Qazoann's Book Emporium.
  4011 | D:3      | Reached XP level 6. HP: 18/37 MP: 6/6
  4720 | D:5      | Entered Level 5 of the Dungeon
  4924 | D:4      | Found Zitrazeg's Book Shoppe.
  4949 | D:4      | Found Femoc's Assorted Antiques.
  5084 | D:5      | Reached skill level 6 in Unarmed Combat
  5140 | D:5      | Found a runed translucent gate.
  5140 | D:5      | Found a runed translucent gate.
  5140 | D:5      | Found a runed translucent gate.
  5141 | D:5      | Noticed knightboat's ghost (amateur DgSu)
  5250 | D:5      | Found a staircase to the Ecumenical Temple.
  5398 | Temple   | Entered the Ecumenical Temple
  5434 | Temple   | Became a worshipper of Ru the Awakened
  5461 | Temple   | Gained mutation: You cannot study or cast Ice magic. [Ru
                  | sacrifice]
  5461 | Temple   | Gained mutation: You cannot study or cast Transmutations
                  | magic. [Ru sacrifice]
  5461 | Temple   | Gained mutation: You cannot study or cast Conjurations
                  | magic. [Ru sacrifice]
  5461 | Temple   | Reached * piety under Ru
  5852 | D:5      | Found a staircase to the Ecumenical Temple.
  5858 | D:5      | Found a runed translucent gate.
  5858 | D:5      | Found a runed translucent gate.
  5858 | D:5      | Found a runed translucent gate.
  6185 | D:6      | Reached skill level 7 in Unarmed Combat
  6185 | D:6      | Reached XP level 7. HP: 34/41 MP: 7/7
  7320 | D:6      | Noticed Menkaure
  7515 | D:6      | Reached skill level 5 in Stealth
  7646 | D:7      | You are sucked into a shaft and drop 1 floor!
  7730 | D:7      | Found a blossoming altar of Fedhas.
  7730 | D:7      | Found a sparkling altar of Nemelex Xobeh.
  7781 | D:8      | Noticed a manticore
  7932 | D:7      | Noticed a steam dragon
  8018 | D:5      | Noticed Prince Ribbit
  8045 | D:5      | Killed Prince Ribbit
  8046 | D:5      | Reached skill level 8 in Unarmed Combat
  8046 | D:5      | Reached skill level 1 in Evocations
  8046 | D:5      | Reached XP level 8. HP: 27/48 MP: 8/8
  8521 | D:5      | Reached skill level 5 in Dodging
  8531 | D:5      | Reached skill level 9 in Unarmed Combat
  9095 | D:4      | Found Buliwnuw's Magic Scroll Shoppe.
  9176 | D:4      | Found Femoc's Assorted Antiques.
  9465 | D:4      | Found Qazoann's Book Emporium.
  9541 | D:4      | Found Radeple's Armour Emporium.
  9703 | D:4      | Found Femoc's Assorted Antiques.
  9855 | D:4      | Found Buliwnuw's Magic Scroll Shoppe.
  9930 | D:4      | Reached skill level 10 in Unarmed Combat
 10003 | D:4      | Found Zitrazeg's Book Shoppe.
 10198 | D:4      | Found Qazoann's Book Emporium.
 10269 | D:4      | Found Radeple's Armour Emporium.
 10555 | D:6      | Killed Menkaure
 10610 | D:7      | Reached XP level 9. HP: 36/52 MP: 9/9
 11304 | D:7      | Found a shimmering blue altar of Sif Muna.
 11351 | D:7      | Gained mutation: You are missing a hand. [Ru sacrifice]
 11351 | D:7      | Reached ** piety under Ru
 11351 | D:7      | Reached *** piety under Ru
 11351 | D:7      | Reached **** piety under Ru
 11552 | D:8      | Noticed a manticore
 11913 | D:8      | Reached skill level 10 in Dodging
 12034 | D:8      | Noticed a komodo dragon
 12328 | D:7      | Found a shimmering blue altar of Sif Muna.
 12418 | D:7      | Found a bloodstained altar of Trog.
 12670 | D:8      | Noticed a meliai
 12675 | D:8      | Killed a manticore
 12676 | D:8      | Reached XP level 10. HP: 56/56 MP: 5/10
 12925 | D:8      | Identified the ring "Ynaptawn" {rN+ Will+ rCorr Int-4}
 12925 | D:8      | Noticed a centaur warrior
 12963 | D:7      | HP: 1/56 [barbs]
 13331 | D:7      | Found a blossoming altar of Fedhas.
 13331 | D:7      | Found a sparkling altar of Nemelex Xobeh.
 13529 | D:8      | Noticed a centaur warrior
 14446 | D:8      | Got the Enchiridion on the Gathered Wyrd
 14868 | D:9      | Noticed a two-headed ogre
 14903 | D:9      | Killed a two-headed ogre
 14904 | D:9      | Reached skill level 11 in Unarmed Combat
 14927 | D:9      | Noticed Harold
 14968 | D:9      | Identified the +1 pair of gloves "Bicvaehu" {-Cast rElec
                  | Str+3 SInv}
 15444 | D:9      | Reached skill level 12 in Unarmed Combat
 15449 | D:9      | Noticed Erica
 15463 | D:9      | Killed Erica
 15464 | D:9      | Reached XP level 11. HP: 19/61 MP: 11/11
 15737 | D:9      | Noticed Joseph
 15871 | D:9      | Killed Harold
 15888 | D:9      | Noticed Grum
 16143 | D:9      | Killed Grum
 16144 | D:9      | Reached skill level 13 in Unarmed Combat
 16237 | D:10     | Entered Level 10 of the Dungeon
 16698 | D:10     | Found a shadowy altar of Dithmenos.
 16926 | D:10     | Found a staircase to the Lair.
 17663 | D:10     | Reached skill level 14 in Unarmed Combat
 17860 | Lair:1   | Entered Level 1 of the Lair of Beasts
 18623 | Lair:1   | Identified the +7 quick blade of Sloth {spect, *Corrode
                  | rElec rPois}
 19068 | D:9      | Upgraded the game from 0.31-a0-365-gcf821cafb2 to
                  | 0.31-a0-369-g8eba5f6939
 20649 | Lair:1   | Reached skill level 15 in Unarmed Combat
 20731 | Lair:1   | Reached XP level 12. HP: 47/67 MP: 12/12
 20777 | Lair:1   | Reached skill level 5 in Fighting
 21171 | Lair:2   | Found a staircase to the Snake Pit.
 21297 | Lair:2   | Found a staircase to the Swamp.
 21957 | Lair:2   | Noticed a boulder beetle
 22419 | Lair:2   | Gained mutation: You cannot train Armour skill. [Ru
                  | sacrifice]
 22419 | Lair:2   | Reached ***** piety under Ru
 23143 | Lair:3   | Noticed a death yak
 23143 | Lair:3   | Noticed a death yak
 23405 | Lair:2   | Killed a death yak
 23406 | Lair:2   | Reached skill level 15 in Dodging
 23454 | Lair:2   | Found a staircase to the Snake Pit.
 23784 | Lair:2   | Found a staircase to the Swamp.
 24173 | Lair:3   | Noticed an anaconda
 24173 | Lair:3   | Noticed an alligator
 24180 | Lair:3   | Killed an anaconda
 24181 | Lair:3   | Reached skill level 16 in Unarmed Combat
 24445 | Snake:1  | Entered Level 1 of the Snake Pit
 24556 | Lair:3   | Killed an alligator
 24764 | Lair:3   | Reached XP level 13. HP: 72/74 MP: 13/13
 25258 | Lair:2   | Reached skill level 5 in Evocations
 26102 | Lair:3   | Noticed a dire elephant
 26109 | Lair:3   | Killed a dire elephant
 26121 | Lair:3   | Identified the +5 rapier of the Orcish Mines {freeze, rC-
                  | Int+4 Dex+8}
 26225 | Lair:4   | Noticed Nessos
 26234 | Lair:4   | Killed Nessos
 26929 | Lair:4   | Found a staircase to the Slime Pits.
 26930 | Lair:4   | Found a viscous altar of Jiyva.
 27301 | Lair:5   | Entered Level 5 of the Lair of Beasts
 27381 | Lair:5   | Reached skill level 10 in Stealth
 27408 | Lair:4   | Reached skill level 10 in Fighting
 28861 | Lair:5   | Reached skill level 17 in Unarmed Combat
 29048 | Lair:5   | Reached XP level 14. HP: 61/90 MP: 14/14
 30408 | Lair:5   | Identified the ring "Keshessiso" {rElec EV+5}
 30688 | Lair:2   | Found a staircase to the Swamp.
 30864 | Lair:2   | Found a staircase to the Snake Pit.
 32507 | D:9      | Killed Joseph
 33569 | D:4      | Bought a manual of Dodging for 1040 gold pieces
 34062 | D:11     | Found a staircase to the Orcish Mines.
 34540 | D:11     | Identified the +4 scale mail "Voth" {Rampage Drain rN+++
                  | Str-3}
 34763 | Orc:1    | Entered Level 1 of the Orcish Mines
 35124 | Orc:2    | Entered Level 2 of the Orcish Mines
 35285 | Orc:2    | Found Diethugg's Magic Scroll Boutique.
 35288 | Orc:2    | Found Gyan's Antique Armour Emporium.
 35292 | Orc:2    | Found Inuomuhio's Antique Weapon Shop.
 35582 | Orc:2    | Found a staircase to the Elven Halls.
 35674 | Orc:2    | Found Ywnoco Riuck's Weapon Boutique.
 36010 | Orc:2    | Bought a scroll of acquirement for 780 gold pieces
 36025 | Orc:2    | Acquired 950 gold pieces
 37481 | Snake:1  | Reached XP level 15. HP: 84/95 MP: 15/15
 38797 | Snake:2  | Reached skill level 18 in Unarmed Combat
 40058 | Snake:1  | Reached skill level 19 in Unarmed Combat
 40505 | Snake:2  | Noticed Aizul
 40547 | Snake:2  | Killed Aizul
 41214 | Snake:3  | Noticed Vashnia
 41214 | Snake:3  | Noticed a nagaraja
 41218 | Snake:3  | Killed a nagaraja
 41343 | Snake:3  | Reached skill level 20 in Unarmed Combat
 41576 | Snake:3  | Killed Vashnia
 41686 | Snake:3  | Reached XP level 16. HP: 73/99 MP: 16/16
 42327 | Snake:4  | Entered Level 4 of the Snake Pit
 43053 | Snake:4  | Reached skill level 21 in Unarmed Combat
 43885 | Snake:4  | Reached skill level 22 in Unarmed Combat
 44399 | Snake:4  | Got a serpentine rune of Zot
 45492 | D:12     | Noticed Azrael
 45504 | D:12     | Killed Azrael
 45866 | D:12     | Reached skill level 23 in Unarmed Combat
 47086 | D:13     | Reached XP level 17. HP: 97/98 MP: 17/17
 47770 | D:13     | Found a gate to the Vaults.
 48866 | D:13     | Found a gate to the Vaults.
 49803 | D:14     | Noticed Rupert
 49826 | D:14     | Killed Rupert
 50990 | D:15     | Entered Level 15 of the Dungeon
 51320 | D:15     | Found a sacrificial altar of Ru.
 51625 | D:15     | Found a staircase to the Depths.
 52038 | Swamp:1  | Entered Level 1 of the Swamp
 53776 | Swamp:3  | Reached skill level 15 in Stealth
 54403 | Swamp:2  | Reached XP level 18. HP: 63/100 MP: 9/18
 54930 | Swamp:4  | Entered Level 4 of the Swamp
 55226 | Swamp:4  | Noticed Bai Suzhen
 55250 | Swamp:4  | Killed Bai Suzhen
 56762 | Swamp:4  | Noticed the 27-headed Lernaean hydra
 56836 | Swamp:4  | Killed the 27-headed Lernaean hydra
 57272 | Swamp:4  | Got a decaying rune of Zot
 58373 | Vaults:1 | Entered Level 1 of the Vaults
 58373 | Vaults:1 | Found Lecer's Jewellery Shop.
 58413 | Vaults:1 | Found Daupi's Antique Weapon Shoppe.
 58492 | Vaults:1 | Reached skill level 24 in Unarmed Combat
 58656 | Vaults:1 | Noticed Donald
 58737 | Vaults:1 | Found a flickering gateway to a bazaar.
 58750 | Bazaar   | Entered a bazaar
 58870 | Bazaar   | Found Nosm's Armour Boutique.
 58874 | Bazaar   | Found Cules's Distillery.
 58874 | Bazaar   | Found Lisesym's Distillery.
 58875 | Bazaar   | Found Lavottam's Antique Armour Boutique.
 58880 | Bazaar   | Bought a potion of mutation for 80 gold pieces
 58880 | Bazaar   | Bought a potion of heal wounds for 50 gold pieces
 58885 | Bazaar   | Bought a potion of resistance for 60 gold pieces
 59096 | Vaults:1 | Reached skill level 10 in Evocations
 59218 | Vaults:1 | Got Goegh's Lectures on Flammable Degeneration
 59467 | Vaults:1 | Killed Donald
 61071 | Vaults:1 | Reached XP level 19. HP: 90/114 MP: 19/19
 61177 | Vaults:1 | Found Biotum's Armour Emporium.
 62003 | Vaults:2 | Identified the +10 orcbow of Tiveitt {freeze, *Slow rN+
                  | Str+8 SInv}
 62007 | Vaults:2 | Found a huge runed gate.
 62007 | Vaults:2 | Found a huge runed gate.
 62007 | Vaults:2 | Found a huge runed gate.
 62007 | Vaults:2 | Found a huge runed gate.
 62008 | Vaults:2 | Found a huge runed gate.
 62008 | Vaults:2 | Found a huge runed gate.
 62008 | Vaults:2 | Found a huge runed gate.
 62008 | Vaults:2 | Found a huge runed gate.
 62008 | Vaults:2 | Found a huge runed gate.
 62008 | Vaults:2 | Found a huge runed gate.
 62074 | Vaults:2 | Found a huge runed gate.
 62074 | Vaults:2 | Found a huge runed gate.
 62074 | Vaults:2 | Found a huge runed gate.
 62074 | Vaults:2 | Found a huge runed gate.
 62074 | Vaults:2 | Found a huge runed gate.
 62074 | Vaults:2 | Found a huge runed gate.
 62075 | Vaults:2 | Found a huge runed gate.
 62355 | Vaults:2 | Found a huge runed gate.
 62355 | Vaults:2 | Found a huge runed gate.
 62357 | Vaults:2 | Found a huge runed gate.
 62357 | Vaults:2 | Found a huge runed gate.
 62357 | Vaults:2 | Found a huge runed gate.
 62357 | Vaults:2 | Found a huge runed gate.
 62357 | Vaults:2 | Found a huge runed gate.
 62358 | Vaults:2 | Found a huge runed gate.
 62359 | Vaults:2 | Found a huge runed gate.
 62360 | Vaults:2 | Found a huge runed gate.
 62361 | Vaults:2 | Found a huge runed gate.
 62369 | Vaults:2 | Found a huge runed gate.
 62369 | Vaults:2 | Found a huge runed gate.
 62369 | Vaults:2 | Found a huge runed gate.
 62369 | Vaults:2 | Found a huge runed gate.
 62369 | Vaults:2 | Found a huge runed gate.
 62369 | Vaults:2 | Found a huge runed gate.
 62370 | Vaults:2 | Found a huge runed gate.
 62371 | Vaults:2 | Found a huge runed gate.
 63164 | Vaults:2 | Identified the +1 helmet "Cuant" {rCorr}
 63311 | Vaults:2 | You are sucked into a shaft and drop 2 floors!
 64162 | Vaults:4 | Noticed Zenata
 64431 | Vaults:4 | Found Cuipsaus's Antique Armour Shop.
 64507 | Vaults:4 | Killed Zenata
 64539 | Vaults:4 | Slain by a dire elephant

Illustrated notes

Levels and vault maps discovered:
D:1:      heliophobic_arrival_dark_side_of_the_moon, layout_basic
D:2:      layout_loops_cross, uniq_natasha
D:3:      layout_loops_ring
D:4:      layout_gridville, serial_shops, nicolae_stop_n_shop_2,
          nicolae_shop_statue_plus, nicolae_shop_tiny_waterfront,
          nicolae_shop_trees, shop_statue, minmay_fractal_squares_diagonal_5
D:5:      kennysheep_windowed_halls, layout_rooms, temple_green,
          ebering_ghost_rock_garden, uniq_prince_ribbit1
D:6:      layout_rooms, nicolae_concentric_dashed_squares_mild, uniq_menkaure
D:7:      layout_cave_pools, mainiacjoe_overflow_alcove_4, zin_academy,
          marbit_many_paths, nicolae_overflow_hidden_temple, minivault_14,
          st_stairs_3, minivault_24, grunt_ministairs_15
D:8:      minmay_the_grid_octo_tiled_octocenter
          [minmay_the_grid_octo_checkerflower,
          minmay_the_grid_octo_thin_diamonds, minmay_the_grid_octo_concentric,
          minmay_the_grid_octo_tetromino_candy, minmay_the_grid_octo_prize_star,
          minmay_the_grid_square_5x5_half_checkered,
          minmay_the_grid_square_5x5_pentomino_r,
          minmay_the_grid_square_5x5_sharp_hourglass,
          minmay_the_grid_square_5x5_three_walls], layout_rooms,
          minmay_misc_feat_enclosed
D:9:      layout_loops_ring, uniq_grum, uniq_joseph, uniq_harold, uniq_erica
D:10:     layout_basic, nicolae_dithmenos_the_darkroom, lair_entry_dummy,
          introduction_to_nature_2
D:11:     layout_roguey, david_orc_3
D:12:     layout_loops_cross, minmay_diced_spiral, uniq_azrael
D:13:     layout_basic, david_vaults_5, minivault_7
D:14:     layout_basic, hangedman_decor_points, uniq_rupert
D:15:     grunt_enter_depths_snipers, layout_gridville,
          nicolae_ru_sacrificial_ziggurat, minivault_23
Temple:   lightli_temple_of_artemis
Lair:1:   layout_gridlike, nicolae_volcano_entry_s_turn,
          portal_ice_cave_entry_imps
Lair:2:   layout_hall_layers, skrybe_swamp_entry_bodies,
          minmay_snake_entry_six_corridors
Lair:3:   layout_cave_pods, nicolae_lair_lakeside_cave, serial_bayou_shore_a,
          infiniplex_staircase_pool_2
Lair:4:   layout_cave_shapes, slime_entry_1, uniq_nessos
Lair:5:   grunt_lair_end_beastmaster, layout_cave_shapes, eino_house_with_fridge
Swamp:1:  layout_basic_swamp, evilmike_swamp_ruin_rubble_2
Swamp:2:  layout_basic_swamp, serial_swamp_ruin, evilmike_swamp_ruin_house_1,
          evilmike_swamp_ruin_house_2
Swamp:3:  layout_falls_marsh, evilmike_swamp_ruin_house_4, swamp_pool5,
          nicolae_swamp_no_escape
Swamp:4:  swamp_old_school, layout_basic_swamp, swamp_pool2,
          nicolae_swamp_little_tower, uniq_bai_suzhen
Snake:1:  layout_grid_maze, nicolae_triple_integral
Snake:2:  layout_layer_cave, uniq_aizul
Snake:3:  layout_grid_maze, nicolae_snake_springs, uniq_vashnia
Snake:4:  snake_pit, layout_basic
Orc:1:    layout_caves, minmay_orc_temple_a
Orc:2:    st_orc_open, layout_caves, basic_altar
Vaults:1: hangedman_vaults_river_flow, nicolae_vaults_layer_cake_slice,
          nicolae_vaults_big_ls, nicolae_vaults_little_squares_4,
          hangedman_vaults_nails, nicolae_vaults_tetromino_Z_1,
          hangedman_vaults_nails, nicolae_vaults_ninety_degrees,
          layout_vaults_quadrants, serial_shops, bzr_entry_dummy,
          nicolae_shop_tiny_real_fake_doors, shop, nicolae_shop_behind_doors,
          uniq_donald
Vaults:2: nicolae_vaults_sightless_eye, grunt_vaults_hallway_short,
          ontoclasm_vaults_chip, nicolae_vaults_stairing_the_circle, door_vault,
          ontoclasm_vaults_spin, v_misc_16, hangedman_vaults_stitches,
          hangedman_vaults_stretched_pinwheel, ontoclasm_vaults_fault,
          vaults_dpeg_hooks, layout_vaults_maze_snakey
Vaults:4: infiniplex_enter_wizlab_spiral, hangedman_vaults_stagger,
          nicolae_vaults_network_periphery, nicolae_vaults_quartermaster,
          ontoclasm_vaults_shuriken, vaults_room_door_ring,
          vaults_room_semicircle, nicolae_vaults_little_squares_6,
          nicolae_vaults_hexular_roomagon, dpeg_vaults_monster_box,
          v_alt_pattern_4, grunt_vaults_hallway_long, vaults_room_semicircle,
          layout_vaults_omnicross, serial_shops, shop, uniq_zenata

Skill      XL: |  1  2  3  4  5  6  7  8  9 10 11 12 13 14 15 16 17 18 19 |
---------------+----------------------------------------------------------+-----
Unarmed Combat | 4 5 7 8 10 12 15 16 17 20 23 24 | 24.9
Dodging        | 4 7 11 12 14 15 16 21 22 | 22.6
Stealth        | 1 2 3 5 6 7 10 11 12 15 18 19 | 19.7
Fighting       | 3 4 8 11 12 13 14 | 14.0
Evocations     | 1 2 4 6 8 10 11 | 11.8

Action                     |  1- 3 |  4- 6 |  7- 9 | 10-12 | 13-15 | 16-18 | 19-21 || total
---------------------------+-------+-------+-------+-------+-------+-------+-------++-------
  Melee: Unarmed           |   132 |   318 |   420 |  1010 |  1306 |  1906 |   565 ||  5657
         Bite              |    12 |    43 |    64 |   177 |   247 |   373 |   133 ||  1049
 Invoke: Sacrifice Arcana  |       |     1 |       |       |       |       |       ||     1
         Power Leap        |       |       |     4 |    37 |     9 |     3 |     1 ||    54
         Sacrifice a Hand  |       |       |     1 |       |       |       |       ||     1
         Reject Sacrifices |       |       |       |     1 |     2 |     2 |       ||     5
         Apocalypse        |       |       |       |     2 |    15 |    13 |     5 ||    35
         Sacrifice Durabil |       |       |       |     1 |       |       |       ||     1
Ability: Bat Form          |     1 |       |       |       |       |       |       ||     1
         Exsanguinate      |     1 |       |       |       |       |       |       ||     1
  Evoke: Wand              |       |       |    10 |    12 |     7 |    23 |     8 ||    60
         Piece from Xom's  |       |       |       |    17 |    16 |     4 |       ||    37
         Phial of floods   |       |       |       |     2 |     1 |     3 |     1 ||     7
         Lightning rod     |       |       |       |       |     8 |    14 |       ||    22
         Tin of tremorston |       |       |       |       |       |     2 |       ||     2
         Box of beasts     |       |       |       |       |       |     1 |     1 ||     2
         Phantom mirror    |       |       |       |       |       |     1 |     1 ||     2
    Use: Scroll            |       |     2 |     4 |     6 |     4 |    12 |     3 ||    31
         Potion            |       |       |     2 |     4 |       |       |     1 ||     7
   Stab: Sleeping          |     5 |    22 |     6 |    15 |    35 |    61 |    12 ||   156
         Distracted        |       |     5 |     8 |    16 |    25 |    31 |     7 ||    92
         Invisible         |       |       |     1 |    10 |    14 |    13 |     8 ||    46
         Paralysed         |       |       |       |     3 |    25 |    15 |     8 ||    51
         Betrayed ally     |       |       |       |       |       |     1 |     1 ||     2
 Armour: Robe              |    25 |       |       |       |       |       |       ||    25
  Dodge: Dodged            |   120 |   276 |   351 |   946 |  1234 |  1760 |   525 ||  5212

Table legend: (Time is in decaauts)
 A = Elapsed time spent in this place.
 B = Non-inter-level travel time spent in this place.
 C = Inter-level travel time spent in this place.
 D = Time resting spent in this place.
 E = Time spent auto-exploring this place.
 F = Levels seen in this place.
 G = Mean time per level.
                   A        B        C        D        E       F      G
               +--------+--------+--------+--------+--------+-----+--------+
         Total |  48304 |  46133 |   2171 |  16719 |  17508 |  35 | 1380.1 |
       Dungeon |  21293 |  20078 |   1215 |   7008 |   7741 |  15 | 1419.5 |
        Temple |    190 |    187 |      3 |    156 |      0 |   1 |  190.0 |
          Lair |  10323 |   9900 |    423 |   3656 |   3930 |   5 | 2064.6 |
         Swamp |   4442 |   4294 |    148 |   1765 |   1569 |   4 | 1110.5 |
     Snake Pit |   6461 |   6209 |    252 |   2776 |   2076 |   4 | 1615.2 |
  Orcish Mines |   1133 |   1070 |     63 |    127 |    691 |   2 |  566.5 |
        Vaults |   4309 |   4245 |     64 |   1112 |   1489 |   3 | 1436.3 |
        Bazaar |    149 |    149 |      0 |    118 |      9 |   1 |  149.0 |
               +--------+--------+--------+--------+--------+-----+--------+

Top non-repeatable levels by time:
  Lair:2: 3154 daAuts
  Lair:1: 2768 daAuts
Vaults:1: 2513 daAuts
    D:13: 2327 daAuts
     D:7: 2246 daAuts
 Snake:1: 2153 daAuts
    D:10: 2018 daAuts
     D:4: 1987 daAuts
 Snake:4: 1910 daAuts
     D:5: 1899 daAuts
  Lair:5: 1879 daAuts
 Swamp:4: 1821 daAuts
     D:9: 1770 daAuts
     D:8: 1702 daAuts
  Lair:3: 1523 daAuts
